Cogmind - Beta 15 @@@ ROGUE MODE // 2025.07.04 @ 16:31:32 Player: Annull999 Result: Self-destructed Performance ------------- Evolutions (2) 1000 Regions Visited (8) 1600 Robots Destroyed (37) 185 Value Destroyed (1073) 1073 Prototype IDs (23) 460 Alien Tech Used (0) 0 Bonus (500) 500 TOTAL SCORE: 4818 Bonus ------- Entered Garrisons 200 Aligned with FarCom 300 Cogmind --------- Core Integrity 175/550 Matter 300/300 Energy 34/100 System Corruption 0% Temperature Warm (119) Movement Core (100) Ox1 Location -8/Garrison Parts ------- > --- POWER (1) -------- (None) > --- PROPULSION (4) --- (None) > --- UTILITY (3) ------ Improved Heat Sink Visual Processing Unit > --- WEAPON (3) ------- Gatling Laser > --- INVENTORY (5) ---- Combat Airjet Gatling Laser Gatling Laser Peak State ------------ > --- POWER ------------ Light Nuclear Core > --- PROPULSION ------- Aluminum Leg Carbon-fiber Leg Carbon-fiber Leg Airjet > --- UTILITY ---------- Improved Heat Sink Improved Heat Sink Visual Processing Unit > --- WEAPON ----------- Gatling Laser YOLO Cannon > --- INVENTORY -------- Combat Airjet Particle Gun Gatling Laser [Rating: 46] Favorites ----------- Power Improved Ion Engine Engine Improved Ion Engine Power Core Light Nuclear Core Propulsion Aluminum Leg Leg Aluminum Leg Wheel Wheel Hover Unit Airjet Utility Improved Heat Sink Device Improved Heat Sink Storage Small Storage Unit Processor Visual Processing Unit Weapon Particle Gun Energy Gun Particle Gun Energy Cannon YOLO Cannon Ballistic Gun Assault Rifle Launcher Grenade Launcher Build | -11 -10 -10 -9 -9 -9 -8 -8 -8 ------- Run | Yrd Mat Min Mat Min Exi Min Mat Gar Slots Evolved 4 | . . . 2 . . . 2 . Power . | . . . . . . . . . Propulsion 2 | . . . 2 . . . . . Utility 1 | . . . . . . . 1 . Weapon 1 | . . . . . . . 1 . Parts Attached 32 | . 2 2 3 4 . 4 2 15 Power 5 | . . . . 1 . . . 4 Engine 3 | . . . . 1 . . . 2 Core 2 | . . . . . . . . 2 Reactor . | . . . . . . . . . Propulsion 12 | . . . 2 3 . 3 . 4 Treads . | . . . . . . . . . Leg 9 | . . . 2 2 . 3 . 2 Wheel 1 | . . . . . . . . 1 Hover 2 | . . . . 1 . . . 1 Flight . | . . . . . . . . . Utility 3 | . . 1 . . . . 1 1 Device 2 | . . 1 . . . . . 1 Storage . | . . . . . . . . . Processor 1 | . . . . . . . 1 . Hackware . | . . . . . . . . . Protection . | . . . . . . . . . Artifact . | . . . . . . . . . Weapon 12 | . 2 1 1 . . 1 1 6 Energy Gun 10 | . 2 1 1 . . . . 6 Energy Cannon 1 | . . . . . . . 1 . Ballistic Gun . | . . . . . . . . . Ballistic Cannon . | . . . . . . . . . Launcher 1 | . . . . . . 1 . . Special Weapon . | . . . . . . . . . Impact Weapon . | . . . . . . . . . Slashing Weapon . | . . . . . . . . . Piercing Weapon . | . . . . . . . . . Special Melee Weapon . | . . . . . . . . . Unidentified Prototypes . | . . . . . . . . . Parts Lost 20 | . . . 1 3 . 2 . 14 Power 5 | . . . . 1 . . . 4 Propulsion 9 | . . . . 2 . 1 . 6 Utility 2 | . . . . . . . . 2 Weapon 4 | . . . 1 . . 1 . 2 Highest Loss Streak 6 | . . . 1 2 . 2 . 6 To Critical Strikes . | . . . . . . . . . Average Backups 6 | . 7 7 5 6 6 6 5 3 Power 1 | . 1 1 1 1 1 1 2 . Propulsion 2 | . 4 4 2 2 3 2 3 1 Utility . | . . . . 1 1 1 . . Weapon 1 | . 2 2 1 1 1 1 . 1 Tool/Special . | . . . . . . . . . Unused Backups 13 | . 4 4 . 3 . 1 . 1 Power 2 | . . 1 . 1 . . . . Propulsion 5 | . . 2 . 2 . 1 . . Utility 2 | . . 1 . . . . . 1 Weapon 4 | . 4 . . . . . . . Tool/Special . | . . . . . . . . . Average Slot Usage (%) 94 | . 85 95 99 98 100 96 90 78 Engine 10 | . 14 14 11 10 11 11 9 3 Leg 37 | . 28 28 43 42 44 43 36 20 Device 10 | . . 10 11 11 11 11 9 15 Storage 9 | . 14 14 11 11 11 11 9 1 Processor 1 | . . . . . . . 9 9 Energy Gun 20 | . 24 28 22 22 22 13 7 16 Peak Build Rating 46 | . 9 11 14 17 17 20 38 46 Average Rating 17 | . 8 10 13 14 16 18 25 34 On Entrance 15 | 6 6 9 11 13 15 17 20 38 Naked Turns . | . . . . . . . . . Heaviest Build 34 | 14 16 17 17 19 19 19 34 34 Greatest Support 51 | 20 20 20 40 40 40 51 51 51 Greatest Overweight (x) 3 | . . . . . . . . 3 Average Overweight (x) . | . . . . . . . . . Largest Inventory Capacity 8 | . 8 8 8 8 8 8 8 8 Average Capacity 7 | . 8 8 8 8 8 8 8 5 Most Carried 8 | . 8 8 7 8 8 8 7 5 Average Carried 6 | . 7 7 5 6 7 7 6 3 Final Capacity 8 | 8 8 8 8 8 8 8 8 5 Final Carried 8 | 6 8 7 6 6 8 8 5 3 Class Distribution -------------------- 59% | Scavenger-Mutant 30% | Mutant 9% | Scavenger-Skirmisher Dominant Class ---------------- Mutant | -10/Materials Mutant | -10/Mines Mutant | -9/Materials Scavenger-Mutant | -9/Mines Scavenger-Mutant | -9/Exiles Scavenger-Mutant | -8/Mines Scavenger-Mutant | -8/Materials Scavenger-Skirmisher | -8/Garrison Resources | -11 -10 -10 -9 -9 -9 -8 -8 -8 ----------- Run | Yrd Mat Min Mat Min Exi Min Mat Gar Matter Collected 563 | 200 . 79 30 39 . 80 . 135 Remotely . | . . . . . . . . . Salvage Created 886 | . 70 81 189 48 . 221 . 277 Parts 55 | . 4 1 21 4 . 13 . 12 Haulers Intercepted . | . . . . . . . . . Recyclers Shooed . | . . . . . . . . . Parts Field Recycled . | . . . . . . . . . Retrieved Matter . | . . . . . . . . . Parts Self-Destructed . | . . . . . . . . . Prevented . | . . . . . . . . . Kills | -11 -10 -10 -9 -9 -9 -8 -8 -8 ------- Run | Yrd Mat Min Mat Min Exi Min Mat Gar Combat Hostiles Destroyed 35 | . 2 2 8 5 . 7 . 11 Guns 23 | . 2 1 8 5 . 5 . 2 Cannons 2 | . . . . . . . . 2 AOE 9 | . . . . . . 2 . 7 Classes Destroyed 8 | . 1 . 4 1 . 2 . . Worker 1 | . . . 1 . . . . . Watcher 1 | . . . 1 . . . . . Swarmer 17 | . . . 7 4 . 3 . 3 Grunt 10 | . 2 2 . . . 2 . 4 Duelist 2 | . . . . . . 1 . 1 Sentry 2 | . . . 1 . . . . 1 Demolisher 1 | . . . . 1 . . . . Hunter 3 | . . . . . . 1 . 2 Best Kill Streak 6 | . 2 2 6 3 . 4 . 5 Combat Bots Only 5 | . 2 2 4 3 . 4 . 5 Max Kills in Single Turn 3 | . 1 1 2 1 . 2 . 3 Gunslinging . | . . . . . . . . . Exploded 3 | . . . . . . 1 . 3 Melee . | . . . . . . . . . Uniques/NPCs Destroyed . | . . . . . . . . . Combat | -11 -10 -10 -9 -9 -9 -8 -8 -8 -------- Run | Yrd Mat Min Mat Min Exi Min Mat Gar Hostile Shots Fired 217 | . 7 14 37 32 . 24 . 103 Missed 60 | . 1 5 16 6 . 4 . 28 Hits 157 | . 6 9 21 26 . 20 . 75 Melee 5 | . . . . . . . . 5 Projectile 152 | . 6 9 21 26 . 20 . 70 AOE 4 | . . . . 4 . . . . Critical Strikes 6 | . . . . . . . . 6 Damage Taken 2746 | . 85 103 314 329 . 227 . 1688 Core 566 | . 31 10 98 42 . 10 . 375 Absorbed by Shields . | . . . . . . . . . Core Remaining (%) 81 | 100 . 83 . . . 62 . . Volleys Fired 71 | . 5 8 19 8 . 14 . 17 Largest 3 | . 2 2 2 2 . 2 . 3 Hottest 240 | . 130 130 130 130 . 130 . 240 Shots Fired 128 | . 10 15 38 16 . 21 . 28 Gun 113 | . 10 15 38 16 . 18 . 16 Cannon 12 | . . . . . . . . 12 Launcher 3 | . . . . . . 3 . . Special . | . . . . . . . . . Kinetic . | . . . . . . . . . Thermal 125 | . 10 15 38 16 . 18 . 28 Explosive 3 | . . . . . . 3 . . Electromagnetic . | . . . . . . . . . Robot Hit Streak 7 | . 3 6 5 3 . 5 . 7 Robot Miss Streak 5 | . 3 1 5 2 . 1 . 3 Penetration Max . | . . . . . . . . . Secondary Targets 5 | . 1 1 2 1 . . . . Max Gunslinging Chain 1 | . 1 1 1 1 . . . . Shots Hit Robots 74 | . 5 12 17 9 . 14 . 17 Core Hits 48 | . 5 3 11 6 . 10 . 13 Critical Kills . | . . . . . . . . . Critical Parts Destroyed . | . . . . . . . . . Critical Strikes 3 | . . . 1 . . 2 . . Burn 3 | . . . 1 . . 2 . . Melee Attacks . | . . . . . . . . . Impact . | . . . . . . . . . Slashing . | . . . . . . . . . Piercing . | . . . . . . . . . Sneak Attacks . | . . . . . . . . . Combat Hostiles . | . . . . . . . . . Follow-up Attacks . | . . . . . . . . . Damage Inflicted 2769 | . 88 204 298 159 . 343 . 1677 Guns 1205 | . 88 191 298 146 . 229 . 253 Cannons 626 | . . . . . . . . 626 Explosions 912 | . . . . . . 114 . 798 Melee . | . . . . . . . . . Ramming 26 | . . 13 . 13 . . . . Kinetic . | . . . . . . . . . Thermal 2629 | . 88 191 298 146 . 229 . 1677 Explosive 114 | . . . . . . 114 . . Electromagnetic . | . . . . . . . . . Impact . | . . . . . . . . . Slashing . | . . . . . . . . . Piercing . | . . . . . . . . . Highest Corruption . | . . . . . . . . . Average Corruption . | . . . . . . . . . Corruption Purged . | . . . . . . . . . Corruption Blocked . | . . . . . . . . . Overload Shots . | . . . . . . . . . Overflow Damage 286 | . . . 50 . . . . 236 Projectiles 144 | . . . . . . . . 144 Explosions 142 | . . . 50 . . . . 92 Melee . | . . . . . . . . . Knockbacks . | . . . . . . . . . Impact . | . . . . . . . . . Kinetic . | . . . . . . . . . Secondary . | . . . . . . . . . Self-Inflicted Damage 380 | . . . 147 . . . . 233 Shots 6 | . . . 2 . . . . 4 Rammed . | . . . . . . . . . Targets Rammed 6 | . . 1 . 5 . . . . Kicked 6 | . . 1 . 5 . . . . Crushed . | . . . . . . . . . Highest Temperature 546 | . 309 546 144 90 . 105 . 166 Average Temperature 107 | . 137 297 45 42 . 39 . 65 Received Heat Transfer 582 | . 48 57 9 . . 63 . 405 Effects 3 | . . 3 . . . . . . Shutdowns 1 | . . 1 . . . . . . Matter Decay 1 | . . 1 . . . . . . Short Circuit 1 | . . 1 . . . . . . Siege Activations . | . . . . . . . . . Martial Activations . | . . . . . . . . . Shielding Activations . | . . . . . . . . . Robots Disrupted . | . . . . . . . . . Combat Hostiles . | . . . . . . . . . Robots Corrupted . | . . . . . . . . . Combat Hostiles . | . . . . . . . . . Parts Fried . | . . . . . . . . . Impact Corruptions . | . . . . . . . . . Robots Melted 1 | . . 1 . . . . . . Combat Hostiles 1 | . . 1 . . . . . . Parts Melted 4 | . . 1 3 . . . . . Heat Transferred 4334 | . 222 444 777 370 . 666 . 1855 Parts Sabotaged . | . . . . . . . . . Parts Stolen . | . . . . . . . . . Parts Stripped . | . . . . . . . . . Power Chain Reactions . | . . . . . . . . . Alert | -11 -10 -10 -9 -9 -9 -8 -8 -8 ------- Run | Yrd Mat Min Mat Min Exi Min Mat Gar Maximum Alert Level 1 | . . . 1 . . . . 1 Low Security (%) 94 | . 100 100 59 100 . 100 100 96 Level 1 5 | . . . 40 . . . . 3 Level 2 . | . . . . . . . . . Level 3 . | . . . . . . . . . Level 4 . | . . . . . . . . . Level 5 . | . . . . . . . . . High Security . | . . . . . . . . . Max Security . | . . . . . . . . . Peak Influence 261 | . 50 40 241 95 . 122 16 261 Initial 85 | . . 3 . 85 . . 16 3 Average 68 | . 17 10 122 33 . 77 11 149 Influence Increases 1065 | . 77 50 321 110 . 182 . 325 Destroy 0b10 Robot/C 700 | . 40 40 160 100 . 140 . 220 Destroy 0b10 Robot/NC 10 | . . . 10 . . . . . Destroy Leader 92 | . 10 10 32 10 . 30 . . Successful Hack 26 | . 12 . 14 . . . . . Disable Machine 60 | . . . 60 . . . . . Destroy Structure 162 | . . . 45 . . 12 . 105 Lose Combat Pursuer 15 | . 15 . . . . . . . Influence Decreases 860 | . 67 60 100 331 . 140 36 126 Entered New Map 172 | . . 7 . 136 . . 26 3 Time Decay 505 | . 67 53 90 165 . 120 10 . Lost Part 183 | . . . 10 30 . 20 . 123 Squads Dispatched 2 | . 1 . 1 . . . . . Investigation . | . . . . . . . . . Extermination . | . . . . . . . . . Reinforcement 2 | . 1 . 1 . . . . . Assault . | . . . . . . . . . Garrison . | . . . . . . . . . Intercept . | . . . . . . . . . Searches Triggered . | . . . . . . . . . Construction Impeded . | . . . . . . . . . Haulers Reinforced . | . . . . . . . . . Active Scanning Responses . | . . . . . . . . . Cargo Convoy Interrupts . | . . . . . . . . . Stealth | -11 -10 -10 -9 -9 -9 -8 -8 -8 --------- Run | Yrd Mat Min Mat Min Exi Min Mat Gar Distress Signals 2 | . 1 . 1 . . . . . Communications Jammed . | . . . . . . . . . Distress Signals . | . . . . . . . . . Times Spotted 54 | . 5 7 10 9 . 7 . 16 Peak Tracking Total 9 | . 2 5 4 6 . 3 . 9 Tactical Retreats 1 | . 1 . . . . . . . Traps | -11 -10 -10 -9 -9 -9 -8 -8 -8 ------- Run | Yrd Mat Min Mat Min Exi Min Mat Gar Traps Triggered 7 | . . . . . . . . 7 Indirectly . | . . . . . . . . . Trap Hack Attempts . | . . . . . . . . . Triggered . | . . . . . . . . . Disarmed . | . . . . . . . . . Reprogrammed . | . . . . . . . . . Reused . | . . . . . . . . . Traps Extracted . | . . . . . . . . . Installed . | . . . . . . . . . Triggered . | . . . . . . . . . Machines | -11 -10 -10 -9 -9 -9 -8 -8 -8 ---------- Run | Yrd Mat Min Mat Min Exi Min Mat Gar Machines Disabled 4 | . . . 4 . . . . . Max in Single Turn 4 | . . . 4 . . . . . Machines Repaired . | . . . . . . . . . Machines Dismantled . | . . . . . . . . . Machines Sabotaged . | . . . . . . . . . Overloaded Fab Kills . | . . . . . . . . . Hacking | -11 -10 -10 -9 -9 -9 -8 -8 -8 --------- Run | Yrd Mat Min Mat Min Exi Min Mat Gar Machines Accessed 5 | . 1 . 1 . 2 . 1 . Terminals 2 | . 1 . 1 . . . . . Fabricators . | . . . . . . . . . Repair Stations . | . . . . . . . . . Recycling Units . | . . . . . . . . . Scanalyzers . | . . . . . . . . . Garrison Access 1 | . . . . . . . 1 . Total Hacks 9 | . 3 . 3 . 2 . 1 . Successful 7 | . 3 . 1 . 2 . 1 . Failed 2 | . . . 2 . . . . . Catastrophic . | . . . . . . . . . Database Lockouts . | . . . . . . . . . Manual 2 | . 1 . . . 1 . . . Terminals 6 | . 3 . 3 . . . . . Fabricators . | . . . . . . . . . Repair Stations . | . . . . . . . . . Recycling Units . | . . . . . . . . . Scanalyzers . | . . . . . . . . . Garrison Access 1 | . . . . . . . 1 . Terminal Hacks 5 | . 2 . 1 . 2 . . . Record 1 | . . . . . 1 . . . Branch Access Points 1 | . 1 . . . . . . . Terminal Index 1 | . . . 1 . . . . . Locate Traps 1 | . 1 . . . . . . . Proto ID Catalog 1 | . . . . . 1 . . . Fabricator Hacks . | . . . . . . . . . Repair Station Hacks . | . . . . . . . . . Recycling Unit Hacks . | . . . . . . . . . Scanalyzer . | . . . . . . . . . Garrison Access Hacks 1 | . . . . . . . 1 . Unlock Access 1 | . . . . . . . 1 . Unauthorized Hacks 1 | . 1 . . . . . . . Terminals 1 | . 1 . . . . . . . Botnet 1 | . 1 . . . . . . . Fabricators . | . . . . . . . . . Repair Stations . | . . . . . . . . . Recycling Units . | . . . . . . . . . Scanalyzers . | . . . . . . . . . Garrison Access . | . . . . . . . . . Data Cores Recovered . | . . . . . . . . . Used . | . . . . . . . . . Hacking Detections 2 | . 1 . 1 . . . . . Full Trace Events 1 | . 1 . . . . . . . Feedback Events . | . . . . . . . . . Feedback Blocked . | . . . . . . . . . Robot Schematics Acquired . | . . . . . . . . . Robots Built . | . . . . . . . . . Authchips . | . . . . . . . . . Time . | . . . . . . . . . Total Robot Build Rating . | . . . . . . . . . Part Schematics Acquired . | . . . . . . . . . Parts Built . | . . . . . . . . . Authchips . | . . . . . . . . . Time . | . . . . . . . . . Total Part Build Rating . | . . . . . . . . . Parts Repaired . | . . . . . . . . . Time . | . . . . . . . . . Parts Recycled . | . . . . . . . . . Recycled Matter . | . . . . . . . . . Retrieved Matter . | . . . . . . . . . Retrieved Components . | . . . . . . . . . Parts Scanalyzed . | . . . . . . . . . Part Schematics Acquired . | . . . . . . . . . Parts Damaged . | . . . . . . . . . Bothacking | -11 -10 -10 -9 -9 -9 -8 -8 -8 ------------ Run | Yrd Mat Min Mat Min Exi Min Mat Gar Used RIF Installer . | . . . . . . . . . Robots Hacked . | . . . . . . . . . Non-combat . | . . . . . . . . . Combat . | . . . . . . . . . Robot Hacks Applied . | . . . . . . . . . Relay Couplers Released . | . . . . . . . . . Fabnet Peak Effective % . | . . . . . . . . . Robots Rewired . | . . . . . . . . . Allies Hacked . | . . . . . . . . . Hacks Repelled . | . . . . . . . . . Allies | -11 -10 -10 -9 -9 -9 -8 -8 -8 -------- Run | Yrd Mat Min Mat Min Exi Min Mat Gar Total Allies . | . . . . . . . . . Largest Group . | . . . . . . . . . Highest-Rated Group . | . . . . . . . . . Highest-Rated Ally . | . . . . . . . . . Total Orders . | . . . . . . . . . Ally Attacks . | . . . . . . . . . Total Damage . | . . . . . . . . . Kills . | . . . . . . . . . Allies Corrupted . | . . . . . . . . . Allies Melted . | . . . . . . . . . Intel | -11 -10 -10 -9 -9 -9 -8 -8 -8 ------- Run | Yrd Mat Min Mat Min Exi Min Mat Gar Active Infowar (turns) 388 | . . . . . . . 33 355 Optics 388 | . . . . . . . 33 355 Robot Analysis Total . | . . . . . . . . . Derelict Logs Recovered 3 | . . 2 . 1 . . . . Drone Launches . | . . . . . . . . . Drone Recoveries . | . . . . . . . . . Exploration | -11 -10 -10 -9 -9 -9 -8 -8 -8 ------------- Run | Yrd Mat Min Mat Min Exi Min Mat Gar Turns Passed 2274 | . 178 210 219 562 467 250 33 355 Spaces Moved 1581 | 1 115 145 128 430 389 167 26 180 Core . | . . . . . . . . . Treads . | . . . . . . . . . Legs 1577 | 1 115 145 128 430 389 167 26 176 Wheels . | . . . . . . . . . Hover 4 | . . . . . . . . 4 Flight . | . . . . . . . . . Fastest Speed 120 | 120 120 120 120 120 120 120 120 120 Average Speed 120 | 120 120 120 120 120 120 120 120 124 Slowest Speed 260 | 120 120 120 120 120 120 120 120 260 Overloaded Moves . | . . . . . . . . . Propulsion Burnouts . | . . . . . . . . . Robots Hopped . | . . . . . . . . . Potential Cave-ins . | . . . . . . . . . Cave-ins Triggered . | . . . . . . . . . Exploration Rate (%) 35 | 2 30 47 12 58 79 55 4 30 Regions Visited 8 Branch Regions 4 Pre-discovered Areas . | . . . . . . . . . Known Exits Taken 2 | . 1 . . . . . 1 . Unknown Exits Taken 6 | 1 . 1 1 1 1 1 . . Scrap Searched 2 | . . . . 1 . 1 . . Spaces Dug . | . . . . . . . . . Terrain Destroyed 215 | . . . 52 . . 14 . 149 Melee . | . . . . . . . . . Projectile 7 | . . . . . . . . 7 AOE 208 | . . . 52 . . 14 . 142 Terrain Rammed . | . . . . . . . . . Walls Destroyed . | . . . . . . . . . Machines Disabled . | . . . . . . . . . Actions | -11 -10 -10 -9 -9 -9 -8 -8 -8 --------- Run | Yrd Mat Min Mat Min Exi Min Mat Gar Total 1800 | . 146 166 155 458 389 198 28 260 Wait 66 | . 13 9 4 8 . 2 . 30 Move 1573 | . 114 144 127 429 388 166 25 180 Hop . | . . . . . . . . . Pick Up 32 | . 7 1 2 3 1 6 . 12 Fast Attach . | . . . . . . . . . Attach 26 | . . 2 3 3 . 3 2 13 Detach 1 | . . . . . . . . 1 Swap 9 | . 2 . . 1 . 3 . 3 Drop 15 | . 5 1 . . . 4 1 4 Fire 71 | . 5 8 19 8 . 14 . 17 Melee . | . . . . . . . . . Ram . | . . . . . . . . . Kick 6 | . . 1 . 5 . . . . Crush . | . . . . . . . . . Escape Stasis . | . . . . . . . . . Rewire 1 | . . . . 1 . . . . Trap . | . . . . . . . . . Miscellaneous . | . . . . . . . . . Route ------- -11/Scrapyard -10/Materials (discovered 2 exits: *Mat / *Min) -10/Mines -9/Materials -9/Mines (discovered 2 exits: *Mat / *Exi) -9/Exiles -8/Mines -8/Materials -8/Garrison History --------- Turn | Location | Event 1 | -11/Scrapyard | Discovered new exit (range 0) 1 | -11/Scrapyard | Entered Materials 30 | -10/Materials | Identified exit to Mines 121 | -10/Materials | Discovered new exit (range 15) 179 | -10/Materials | Entered Mines 314 | -10/Mines | Build established: Mutant 365 | -10/Mines | Learned Materials trap positions 378 | -10/Mines | Discovered new exit (range 8) 382 | -10/Mines | Learned Materials stockpile data 389 | -10/Mines | Entered Materials 389 | -9/Materials | Evolved 2 slots: Propulsion x2 390 | -9/Materials | Loaded intel: 4 trap records 578 | -9/Materials | Discovered new exit (range 16) 608 | -9/Materials | Entered Mines 629 | -9/Mines | Assembled infested the area 636 | -9/Mines | Met a Derelict bent on vengeance 672 | -9/Mines | Met 8R-AWN 764 | -9/Mines | Learned Materials stockpile data 881 | -9/Mines | Discovered new exit (range 5) 992 | -9/Mines | Build established: Scavenger-Mutant 1036 | -9/Mines | Discovered new exit (range 8) 1170 | -9/Mines | Entered Exiles 1188 | -9/Exiles | Discovered new exit (range 15) 1199 | -9/Exiles | Welcomed by 8R-AWN 1220 | -9/Exiles | Met EX-HEX 1263 | -9/Exiles | Met EX-BIN 1276 | -9/Exiles | Aligned with FarCom system 1277 | -9/Exiles | Given EX-Vault access code 1305 | -9/Exiles | Opened EX-Vault 1310 | -9/Exiles | Found Prototype Energy Cannon 1323 | -9/Exiles | Identified YOLO Cannon 1360 | -9/Exiles | Warned to stay clear of 0b10 Research branches 1392 | -9/Exiles | Met EX-DEC 1435 | -9/Exiles | Visited The Gauntlet 1597 | -9/Exiles | Learned about 8R-AWN's background 1637 | -9/Exiles | Left Exiles lab with YOLO Cannon 1637 | -9/Exiles | Entered Mines 1870 | -8/Mines | Discovered new exit (range 10) 1887 | -8/Mines | Entered Materials 1887 | -8/Materials | Evolved 2 slots: Utility x1, Weapon x1 1894 | -8/Materials | Identified exit to Garrison 1920 | -8/Materials | Entered Garrison 1996 | -8/Garrison | Lost 3 parts (1p1n1u) 2228 | -8/Garrison | Triggered checkpoint 2254 | -8/Garrison | Triggered checkpoint 2259 | -8/Garrison | Triggered checkpoint 2270 | -8/Garrison | Core integrity fell below 50% 2275 | -8/Garrison | Self-destructed Last Messages --------------- 02167_ Triggered Fusion Bomb Trap. 02167_ An explosion rips through the floor. 02170_ The unstable cave ceiling collapses. 02232_ Y-45 Defender destroyed. 02242_ Dropped Arc Projector. 02243_ Acquired Imp. Ion Engine. 02245_ Acquired 41 matter. 02254_ Beams of light sweep through the air. An alarm sounds. 02260_ Dropped Gatling Laser. 02264_ Destroyed Flight Unit. 02264_ S-10 Pest destroyed. 02264_ Destroyed Flight Unit. 02264_ S-10 Pest destroyed. 02267_ Airjet destroyed. 02269_ Carbon-fiber Leg destroyed. 02272_ YOLO Cannon destroyed. 02272_ Critical hit (Burn: +37). 02272_ Imp. Ion Engine destroyed. 02274_ Critical hit (Burn: +37). 02275_ Imp. Heat Sink destroyed. Map ----- +----------------------------------------------------+ | ?????????????????????????????????????????????????? | | ?????????????????????????????????????????????????? | | ?????????????????????????????????????????????????? | | ?????????????????????????????????????????????????? | | ?????????????????????????????????????????????????? | | ?????????????????????????????????????????????????? | | ?????????????????????????????????????????????????? | | ?????????????????????????????????????????????????? | | ?????????????????????????????????????????????????? | | ?????????????????????????????????????????????????? | | ?????????????????????????????????????????????????? | | ?????????????????????????????????????????????????? | | ??????????????????? ?#######????????????????????? | | ??????????????????# ;#%%[=#????????????????????? | | ??????????????????# ; % ##########???????????? | | ??????????????????# s ????????????? | | ??????????????????# ?????????????? | | ??????????????????# ? ??????????????? | | ??????????????????# ?; ## #???????????????? | | ??????????????????# ## ## ###?????????????? | | ??????????????????" #?????????????? | | ??????????????????" #?????????????? | | ???????????????????? #?????????????? | | ?????????????????????? #?????????????? | | ???????????????????????# ;; !#???????????????? | | ??????????????????# ## @ ;[ %############????? | | ??????????????????# [ #????? | | ??????????????????# g g #????? | | ??????????????????# Y g #????? | | ??????????????????## ## Y ########+#### #????? | | ???????????????????# ?# #???????????# #????? | | ???????????????????# ??######???????????# #?###? | | ???????????????????#????????????????????# ### ## | | ????????????????????????????????????????# | | ????????????????????????????????????????# # | | ????????????????????????????????????????# | | ????????????????????????????????????????# # | | ????????????????????????????????????????# # ## | | ????????????????????????????????????????# # # ## | | ????????????????????????????????????????# ###### | | ????????????????????????????????????????# ###### | | ????????????????????????????????????????# # | | ????????????????????????????????????##### # | | ????????????????????????????????????" # | | ????????????????????????????????????" | | ????????????????????????????????????" # | | ????????????????????????????????????### # | | ????????????????????????????????????# % # | | ????????????????????????????????????# % | | ????????????????????????????????????## # # | +----------------------------------------------------+ Best States ------------- Heat Dissipation 59 Energy Generation 14 Energy Capacity 265 Matter Stores 300 Matter Capacity 300 Sight Range 18 Terrain Scan Density 10 Evasion (%) 55 Item Schematics ----------------- None Robot Schematics ------------------ None Fabricated ------------ Nothing Repaired ---------- Nothing Alien Tech Used ----------------- None Achievements -------------- None Challenges ------------ None Game ------ Seed ProtonPiercingSabre Manual? 0 Play Time 00:28:41 Cumulative 19.4 hours Start 2025.07.03 @ 20:47:23 End 2025.07.04 @ 16:31:32 Sessions 10 Manual Loads 0 Difficulty Rogue Special Mode None Game No. 34 Rogue 34 Adventurer 0 Explorer 0 Win Type - Total 0 Types 0/0/0/0/0/0/0/0/0/0 Lore% 6 Gallery% 16 Achievement% 17 Wizard Run 0 Options --------- Layout 0 ASCII 1 Keyboard 0 Movement Numpad Keybinds 0 Fullscreen 1 Font 18/TerminusBold Map View 76x50 Zoom Use 0% Tactical HUD 1 Map Filters NONE Filters NONE Steam 1 RUN: 23f4fc0c-d86d-440e-a255-83f5e42a702c